 Dungeon Crawl Stone Soup version 0.30-a0-140-gd1020e658a (webtiles) character file.

Game seed: 624593171454052921

1801 night the Grappler (level 8, -3/68 HPs)
             Began as a Troll Transmuter on Sept 24, 2022.
             Slain by a gnoll sergeant
             ... wielding a +5 spear of freezing
              (9 damage)
             ... on level 8 of the Dungeon.
             The game lasted 00:12:09 (4452 turns).

night the Grappler (Troll Transmuter)               Turns: 4452, Time: 00:12:09

Health: -3/68      AC:  5    Str: 19    XL:     8   Next: 83%
Magic:  8/8        EV:  9    Int: 11    God:
Gold:   409        SH:  0    Dex: 10    Spells: 2/9 levels left

rFire   . . .      SeeInvis .      - Unarmed
rCold   . . .      Faith    .    (no shield)
rNeg    + . .      Spirit   .    a - +1 robe
rPois   .          Reflect  .    (helmet restricted)
rElec   .          Harm     .    (no cloak)
rCorr   .          Rampage  .    (gloves unavailable)
Will    .....                    (boots unavailable)
Stlth   +.........               (no amulet)
HPRegen 1.01/turn                v - ring of positive energy
MPRegen 0.11/turn                (no ring)

@: no status effects
A: large, unfitting armour, claws 3, regeneration 1, shaggy fur 1, tough skin 1
a: no special abilities


You were on level 8 of the Dungeon.
You visited 1 branch of the dungeon, and saw 6 of its levels.
You also visited: Ossuary.

You collected 410 gold pieces.
You spent 1 gold pieces at shops.

Inventory:

Hand Weapons
 b - a -2 hand crossbow
 t - the +6 hand axe of Jittog {flame, rElec rF+ Dex-2}
   (You found it on level 4 of the Dungeon)

   It burns those it strikes, dealing additional fire damage.
   Big, fiery blades are also staple armaments of hydra-hunters.
   Dex:       It affects your dexterity (-2).
   rF:        It protects you from fire.
   rElec:     It insulates you from electricity.
Missiles
 c - 43 stones
 j - 5 boomerangs
 p - 2 throwing nets
 A - 4 poisoned darts
 C - 4 javelins
Armour
 a - a +1 robe (worn)
Jewellery
 v - a ring of positive energy (left claw)
Wands
 r - a wand of flame (3)
Scrolls
 f - 3 scrolls of teleportation
 m - 3 scrolls of immolation
 n - 2 scrolls of fear
 o - 3 scrolls of vulnerability
 s - a scroll of noise
 u - 3 scrolls of blinking
Potions
 d - 2 potions of ambrosia {unknown}
 e - 6 potions of curing
 g - 4 potions of heal wounds
 h - 3 potions of might {unknown}
 l - a potion of berserk rage {unknown}
 q - 2 potions of brilliance {unknown}
 y - 2 potions of lignification
 z - 2 potions of haste {unknown}
 D - 2 potions of magic {unknown}
 E - a potion of attraction {unknown}
 F - a potion of cancellation {unknown}


   Skills:
 - Level 0.7 Fighting
 - Level 1.5 Dodging
 * Level 9.0 Unarmed Combat
 - Level 1.2 Spellcasting
 + Level 4.6 Transmutations
 + Level 3.5 Ice Magic


You had 2 spell levels left.
You knew the following spells:

 Your Spells              Type           Power      Damage    Failure   Level
a - Beastly Appendage     Tmut           22%        N/A       4%          1
b - Wereblood             Tmut           11%        N/A       7%          2
c - Ice Form              Ice/Tmut       9%         N/A       52%         4

Your spell library contained the following spells:

 Spells                   Type           Power      Damage    Failure   Level
 Ensorcelled Hibernation  Hex/Ice        8%         N/A       24%         2
 Spider Form              Tmut/Pois      5%         N/A       36%         3
 Gell's Gravitas          Tloc           0%         N/A       67%         3
 Lesser Beckoning         Tloc           0%         N/A       67%         3
 Teleport Other           Tloc           0%         N/A       67%         3
 Anguish                  Hex/Necr       0%         N/A       97%         4


Dungeon Overview and Level Annotations

Branches:
Dungeon (5/15)            Ossuary (visited)
 Temple: D:4-7

Altars:
Qazlal
Ru
Uskayaw

Shops:
D:5 *


Innate Abilities, Weirdness & Mutations

You are too large for most types of armour.
You have claws for hands.
Your natural rate of healing is unusually fast.
You are covered in fur. (AC +1)
You have tough skin. (AC +1)


Message History

Aim: a gnoll, wielding a +0 halberd (moderately wounded, 72% to hit)
The puff of flame hits the gnoll!
The gnoll is severely wounded.
A gnoll comes into view. It is wielding a +0 flail.
A gnoll sergeant comes into view. It is wielding a +5 spear of freezing.
Aiming: Throw Flame
Press: ? - help, Shift-Dir - straight line, f/p - gnoll
Aim: a gnoll, wielding a +0 halberd (severely wounded, 72% to hit)
The puff of flame hits the gnoll.
You kill the gnoll!
The gnoll sergeant shouts!
The gnoll shouts!
A hornet comes into view.
The hornet buzzes angrily.
Okay, then.
The gnoll hits you with a +0 club! The gnoll hits you with a +0 flail.
The gnoll sergeant hits you from afar with a +5 spear of freezing!
The gnoll sergeant freezes you. The gnoll closely misses you.
The gnoll sergeant closely misses you. The gnoll attacks as you move away!
The gnoll hits you but does no damage.
The gnoll sergeant hits you from afar with a +5 spear of freezing!
The gnoll sergeant freezes you. The gnoll attacks as you move away!
The gnoll hits you with a +0 club. The gnoll attacks as you move away!
The gnoll hits you with a +0 flail!
Found a scroll of identify.
The gnoll sergeant hits you from afar with a +5 spear of freezing!
* * * LOW HITPOINT WARNING * * *
The gnoll sergeant freezes you.
* * * LOW HITPOINT WARNING * * *
The gnoll attacks as you move away! The gnoll hits you with a +0 flail.
* * * LOW HITPOINT WARNING * * *
The gnoll attacks as you move away! The gnoll hits you with a +0 flail.
* * * LOW HITPOINT WARNING * * *
The gnoll attacks as you move away! The gnoll barely misses you.
The gnoll attacks as you move away! The gnoll hits you with a +0 flail.
* * * LOW HITPOINT WARNING * * *
There is a stone staircase leading up here.
The gnoll barely misses you.
The gnoll sergeant hits you from afar with a +5 spear of freezing!
You die...

. #.#.## ######.#..##
..........#
###........## #
###...........# ..
#.............## ...#
#....)...?.....# .....
#......gg@.....#
......##.......g...?.##
...............y.....#
.....###.............#
... ##...........## .
##..........#
##...........
#........### #....


You could see a hornet, a gnoll sergeant and 2 gnolls.

Vanquished Creatures
  A komodo dragon (D:8)
  Grinder (D:3)
  Sigmund (D:2)
  A water moccasin (D:5)
  An ice beast (D:8)
  A black bear (D:4)
  2 ogres (D:5)
  A scorpion (D:5)
  3 water moccasin zombies (Ossuary)
  A jelly (D:5)
  A hound (D:5)
  2 gnoll boudas (D:4)
  An iguana (D:5)
  Ijyb (D:3)
  Terence (D:2)
  An orc wizard (D:5)
  2 mummies (Ossuary)
  9 gnolls
  5 adders
  9 adder zombies (Ossuary)
  3 worms
  4 dart slugs
  5 orcs
  8 ball pythons
  3 bats
  4 endoplasms
  3 giant cockroaches
  4 gnoll zombies (Ossuary)
  10 hobgoblins
  7 jackals
  3 quokkas
  A frilled lizard (D:2)
  5 goblins
  4 hobgoblin zombies (Ossuary)
  9 kobolds
  A kobold zombie (Ossuary)
  8 orc zombies (Ossuary)
  8 rats
135 creatures vanquished.

Vanquished Creatures (others)
  4 fungi (D:8)
  19 plants
23 creatures vanquished.

Grand Total: 158 creatures vanquished

Notes
Turn   | Place    | Note
-------+----------+-------------------------------------------
     0 | D:1      | night the Troll Transmuter began the quest for the Orb.
     0 | D:1      | Reached XP level 1. HP: 18/18 MP: 1/1
     2 | D:1      | Noticed a merfolk
     2 | D:1      | Noticed a vampire
     4 | D:1      | Noticed a demigod
     4 | D:1      | Noticed an ogre
     6 | D:1      | Noticed a ghoul
     6 | D:1      | Noticed a palentonga
     8 | D:1      | Noticed an elf
    10 | D:1      | Noticed a draconian
    10 | D:1      | Noticed a felid
    12 | D:1      | Noticed a vine stalker
    14 | D:1      | Noticed a demonspawn
    16 | D:1      | Noticed a gargoyle
    16 | D:1      | Noticed a human
    18 | D:1      | Noticed a formicid
    18 | D:1      | Noticed a spriggan
    20 | D:1      | Noticed a troll
    20 | D:1      | Noticed a minotaur
    22 | D:1      | Noticed a naga
    22 | D:1      | Noticed a meteoran
    24 | D:1      | Noticed a demigod
    24 | D:1      | Noticed a tengu
    26 | D:1      | Noticed a human
   187 | D:1      | Reached XP level 2. HP: 26/26 MP: 2/2
   443 | D:1      | Found a faded altar of an unknown god.
   545 | D:2      | Reached XP level 3. HP: 32/32 MP: 3/3
   564 | D:2      | Reached skill level 4 in Unarmed Combat
   589 | D:2      | Reached skill level 2 in Transmutations
   649 | D:2      | Noticed Sigmund
   689 | D:2      | Killed Sigmund
   690 | D:2      | Reached skill level 5 in Unarmed Combat
   690 | D:2      | Reached XP level 4. HP: 40/40 MP: 4/4
   690 | D:2      | Reached XP level 5. HP: 46/46 MP: 5/5
  1003 | D:2      | Learned a level 2 spell: Wereblood
  1174 | D:2      | Noticed Terence
  1180 | D:2      | Killed Terence
  1417 | D:3      | Reached XP level 6. HP: 54/54 MP: 6/6
  1424 | D:3      | Found a hide-covered altar of Uskayaw.
  1439 | D:3      | Noticed Grinder
  1450 | D:3      | Killed Grinder
  1451 | D:3      | Reached skill level 6 in Unarmed Combat
  1451 | D:3      | Reached skill level 1 in Ice Magic
  1456 | D:3      | Learned a level 4 spell: Ice Form
  1747 | D:3      | Noticed Ijyb
  1786 | D:3      | Killed Ijyb
  2318 | D:4      | Reached XP level 7. HP: 59/61 MP: 7/7
  2420 | D:4      | Found a sacrificial altar of Ru.
  2445 | D:4      | HP: 6/61 [gnoll/+0 spear[a gnoll bouda] (5)]
  2573 | D:4      | Reached skill level 7 in Unarmed Combat
  2573 | D:4      | Reached skill level 2 in Ice Magic
  2577 | D:4      | Identified the +6 hand axe of Jittog {flame, rElec rF+
                  | Dex-2}
  2807 | D:4      | Found a stormy altar of Qazlal.
  3193 | D:5      | Entered Level 5 of the Dungeon
  3342 | D:5      | Found Zevvetoi's Lightly-Used Armoury.
  3351 | D:5      | Bought a -3 hand crossbow for 1 gold piece
  3636 | D:5      | HP: 6/61 [ogre/+0 giant club (19)]
  3638 | D:5      | Reached XP level 8. HP: 8/68 MP: 8/8
  3788 | D:5      | Reached skill level 8 in Unarmed Combat
  3936 | D:5      | You fall into a shaft and drop 3 floors!
  3973 | D:8      | Noticed a komodo dragon
  3995 | D:8      | HP: 6/68 [komodo dragon (6)]
  3996 | D:8      | Killed a komodo dragon
  4075 | D:8      | Found a sand-covered staircase.
  4085 | Ossuary  | Entered an ossuary
  4222 | Ossuary  | Reached skill level 9 in Unarmed Combat
  4442 | D:8      | Noticed a hornet
  4449 | D:8      | HP: 10/68 [gnoll/+0 flail[a gnoll sergeant] (5)]
  4451 | D:8      | HP: 4/68 [gnoll/+0 flail[a gnoll sergeant] (2)]
  4452 | D:8      | Slain by a gnoll sergeant

Illustrated notes

Levels and vault maps discovered:
D:1:      kb_arrival_jail, layout_rooms, hellmonk_ecumenical_altar_crossroads
D:2:      wad_woods_pond, layout_loops_ring, minmay_hexomino_f4, uniq_terence,
          uniq_sigmund
D:3:      wander_river, layout_rooms, mainiacjoe_overflow_chevrons,
          serial_co_window_serial, co_window_corner_a, co_window_paths_a,
          co_window_paths_a, co_window_corner_a, co_window_corner_a,
          co_window_paths_b, co_window_corner_a, co_window_broadway_c,
          co_window_corner_b, co_window_cross_3, co_window_broadway_b,
          co_window_paths_e, glass_columns_c, glass_columns_b, uniq_ijyb,
          uniq_grinder
D:4:      layout_loops_ring, mainiacjoe_overflow_divided_tiny, serial_rivers,
          chequers_serial_rivers_room_a, chequers_serial_rivers_micro_e,
          chequers_serial_rivers_room_b, chequers_serial_rivers_micro_b
D:5:      layout_gridville, minmay_shop_damaged
D:8:      layout_cave_pods, gammafunk_temple_overflow_claw,
          grunt_lair_entry_orc_guard_hut, enter_ossuary_3, minivault_5

Skill      XL: |  1  2  3  4  5  6  7  8 |
---------------+-------------------------+-----
Unarmed Combat | 5 6 7 9 |  9.0
Transmutations | 2 3 4 |  4.6
Ice Magic      | 1 2 3 |  3.5
Fighting       | |  0.7
Dodging        | |  1.5
Spellcasting   | |  1.2

Action                   |  1- 3 |  4- 6 |  7- 9 || total
-------------------------+-------+-------+-------++-------
Melee: Unarmed           |    68 |   116 |   217 ||   401
       Punch             |     3 |     4 |     9 ||    16
       Headbutt          |     1 |       |       ||     1
       Kick              |       |     1 |     1 ||     2
 Fire: Hand crossbow     |       |       |     9 ||     9
Throw: Dart              |       |       |     4 ||     4
 Cast: Beastly Appendage |     1 |     1 |     1 ||     3
Evoke: Wand              |       |       |     5 ||     5
  Use: Potion            |     2 |       |       ||     2
       Scroll            |       |       |    12 ||    12
 Stab: Sleeping          |     1 |     2 |       ||     3
Armor: Robe              |    24 |    38 |    31 ||    93
Dodge: Dodged            |    37 |    36 |    68 ||   141

Table legend: (Time is in decaauts)
 A = Elapsed time spent in this place.
 B = Non-inter-level travel time spent in this place.
 C = Inter-level travel time spent in this place.
 D = Time resting spent in this place.
 E = Time spent auto-exploring this place.
 F = Levels seen in this place.
 G = Mean time per level.
                   A        B        C        D        E       F      G
               +--------+--------+--------+--------+--------+-----+--------+
         Total |   4428 |   4258 |    170 |    351 |   2904 |   7 |  632.6 |
       Dungeon |   4119 |   3949 |    170 |    251 |   2863 |   6 |  686.5 |
       Ossuary |    309 |    309 |      0 |    100 |     41 |   1 |  309.0 |
               +--------+--------+--------+--------+--------+-----+--------+

Top non-repeatable levels by time:
     D:3: 990 daAuts
     D:2: 856 daAuts
     D:4: 802 daAuts
     D:5: 739 daAuts
     D:1: 538 daAuts
 Ossuary: 309 daAuts
     D:8: 190 daAuts
